 Dungeon Crawl Stone Soup version 0.29-a0-25-g7f48f510a0 (webtiles) character file.

Game seed: 6493310223093173385

230 timneilson the Covered (level 6, -1/38 HPs)
             Began as a Gargoyle Fighter on Jan 31, 2022.
             Slain by Pikel (2 damage)
             ... on level 4 of the Dungeon.
             The game lasted 00:03:28 (2127 turns).

timneilson the Covered (Gargoyle Fighter)           Turns: 2127, Time: 00:03:29

Health: -1/38      AC: 14    Str: 21    XL:     6   Next: 3%
Magic:  6/6        EV:  7    Int:  9    God:
Gold:   119        SH:  9    Dex:  9    Spells: 5/5 levels left

rFire   . . .      SeeInvis .   a - +0 long sword
rCold   . . .      Faith    .   c - +0 buckler
rNeg    + . .      Spirit   .   i - +0 chain mail
rPois   ∞          Reflect  +   (no helmet)
rElec   +          Harm     .   (no cloak)
rCorr   .          Rampage  .   (no gloves)
Will    +....                   (no boots)
Stlth   ..........              e - amulet of reflection
HPRegen 0.12/turn               f - ring of willpower
MPRegen 0.10/turn               (no ring)

@: mighty
A: sickness immunity, AC +4, negative energy resistance 1, electricity
resistance, torment resistance 1, petrification resistance
a: no special abilities


You were on level 4 of the Dungeon.
You visited 1 branch of the dungeon, and saw 4 of its levels.

You collected 119 gold pieces.

Inventory:

Hand Weapons
 a - a +0 long sword (weapon)
Armour
 c - a +0 buckler (worn)
 i - a +0 chain mail (worn)
Jewellery
 e - an amulet of reflection (around neck)
 f - a ring of willpower (left hand)
Wands
 b - a wand of acid (6)
Scrolls
 j - 2 scrolls of teleportation
Potions
 g - a potion of ambrosia {unknown}
 h - 2 potions of haste


   Skills:
 + Level 3.9 Fighting
 * Level 3.1 Long Blades
 * Level 4.5 Armour
 + Level 1.2 Dodging
 * Level 4.5 Shields
 + Level 0.4 Evocations


You had 5 spell levels left.
You didn't know any spells.
Your spell library was empty.

Dungeon Overview and Level Annotations

Branches:
Dungeon (4/15)
 Temple: D:4-7

Altars:
Makhleb
Trog

Shops:
D:1 !

Annotations:
D:4 Pikel


Innate Abilities, Weirdness & Mutations

You are immune to sickness and miasma.
Your stone body is resilient. (AC +4)
You are immune to poison.
You resist negative energy. (rN+)
You are resistant to electric shocks. (rElec)
You are resistant to unholy torment.
You are immune to petrification.


Message History

Pikel is severely wounded.
Pikel hits you with a +0 whip of flaming.
Pikel burns you.
Pikel hits you with a +0 whip of flaming.
Pikel burns you.
* * * LOW HITPOINT WARNING * * *
You barely miss Pikel.
Pikel is severely wounded.
Pikel hits you but does no damage.
You closely miss Pikel.
Pikel is severely wounded.
Pikel barely misses you.
You miss Pikel.
Pikel is severely wounded.
Pikel hits you with a +0 whip of flaming.
* * * LOW HITPOINT WARNING * * *
Pikel burns you.
* * * LOW HITPOINT WARNING * * *
You barely miss Pikel.
Pikel is severely wounded.
Pikel hits you but does no damage. Pikel barely misses you.
Unknown command.
You completely miss Pikel.
Pikel is severely wounded.
Pikel hits you but does no damage.
You slash Pikel!
Pikel is almost dead.
Pikel cracks his whip.
Pikel barely misses you.
You barely miss Pikel.
Pikel is almost dead.
You block Pikel's attack.
You barely miss Pikel.
Pikel is almost dead.
Pikel hits you with a +0 whip of flaming.
* * * LOW HITPOINT WARNING * * *
Pikel burns you.
* * * LOW HITPOINT WARNING * * *
Pikel hits you with a +0 whip of flaming.
You die...

#............#
#.##########.#######
#.# #.............
#.# #.#....#######
#.# #.#<#### #.#
#.#.......# #.#
#.#.#####.#
..####.#####5#.#
.........@K555.>.
####.##.#####.#.# ..
#.# #.. #.. #.. ..#
#. #.# # ###


You could see Pikel and 4 lemures.

Vanquished Creatures
  A centaur (D:4)
  Natasha (thrice) (D:2)
  4 adders
  3 worms
  A dart slug (D:2)
  A ball python (D:1)
  4 bats
  An endoplasm (D:2)
  A giant cockroach (D:3)
  3 goblins
  3 hobgoblins
  2 frilled lizards (D:2)
  4 kobolds
  4 rats
35 creatures vanquished.

Notes
Turn   | Place    | Note
-------+----------+-------------------------------------------
     0 | D:1      | timneilson the Gargoyle Fighter began the quest for the
                  | Orb.
     0 | D:1      | Reached XP level 1. HP: 14/14 MP: 1/1
    46 | D:1      | Found Besofo's Distillery.
   405 | D:1      | Reached XP level 2. HP: 15/19 MP: 2/2
   635 | D:2      | Reached XP level 3. HP: 23/23 MP: 3/3
   681 | D:2      | Noticed Natasha
   687 | D:2      | Killed Natasha
   692 | D:2      | Noticed Natasha
   697 | D:2      | Killed Natasha
   698 | D:2      | Reached XP level 4. HP: 28/28 MP: 4/4
  1119 | D:2      | Found a faded altar of an unknown god.
  1329 | D:2      | Noticed Natasha
  1342 | D:2      | Killed Natasha
  1343 | D:2      | Reached skill level 1 in Dodging
  1343 | D:2      | Reached XP level 5. HP: 29/33 MP: 5/5
  1844 | D:3      | Found a bloodstained altar of Trog.
  1850 | D:3      | Found a burning altar of Makhleb.
  2102 | D:4      | Noticed a centaur
  2103 | D:4      | Noticed a lemure
  2106 | D:4      | Noticed a lemure
  2108 | D:4      | Noticed Pikel
  2108 | D:4      | Noticed a lemure
  2109 | D:4      | Noticed a lemure
  2113 | D:4      | Killed a centaur
  2114 | D:4      | Reached XP level 6. HP: 31/38 MP: 6/6
  2127 | D:4      | HP: 1/38 [Pikel (2)]
  2127 | D:4      | Slain by Pikel

Illustrated notes

Levels and vault maps discovered:
D:1:      lightli_molten_gateway, layout_rooms, serial_shops, shop
D:2:      layout_loops_corners, shapermc_ecumenical_altar_totnotflames,
          minmay_circled_x, uniq_natasha
D:3:      layout_rooms, mainiacjoe_overflow_big_doors, serial_curves,
          eino_curves_01, eino_curves_03
D:4:      minmay_polygon_palace, layout_basic, uniq_pikel, uniq_menkaure,
          uniq_grinder

Skill      XL: |  1  2  3  4  5 |
---------------+----------------+-----
Long Blades    | 2 3 |  3.1
Shields        | 4 |  4.5
Armour         | 4 |  4.5
Dodging        | 1 |  1.2
Fighting       | |  3.9
Evocations     | |  0.4

Action                   |  1- 3 |  4- 6 || total
-------------------------+-------+-------++-------
Melee: Long sword        |    55 |   114 ||   169
  Use: Scroll            |     1 |     3 ||     4
       Potion            |       |     1 ||     1
Armor: Chain mail        |    31 |    74 ||   105
       Scale mail        |     5 |       ||     5
Dodge: Dodged            |    13 |    41 ||    54
Block: Buckler           |    23 |    59 ||    82

Table legend: (Time is in decaauts)
 A = Elapsed time spent in this place.
 B = Non-inter-level travel time spent in this place.
 C = Inter-level travel time spent in this place.
 D = Time resting spent in this place.
 E = Time spent auto-exploring this place.
 F = Levels seen in this place.
 G = Mean time per level.
                   A        B        C        D        E       F      G
               +--------+--------+--------+--------+--------+-----+--------+
         Total |   2195 |   2137 |     58 |      0 |   1698 |   4 |  548.8 |
       Dungeon |   2195 |   2137 |     58 |      0 |   1698 |   4 |  548.8 |
               +--------+--------+--------+--------+--------+-----+--------+

Top non-repeatable levels by time:
     D:2: 972 daAuts
     D:1: 594 daAuts
     D:3: 571 daAuts
     D:4: 57 daAuts
